 Dungeon Crawl Stone Soup version 0.25-a0-280-gfa4545f159 (webtiles) character file.

Game seed: 11603360009773251538, levelgen mode: deterministic

58 Esekla the Conjurer (level 3, -2/19 HPs)
             Began as a Deep Elf Conjurer on Dec 9, 2019.
             Killed from afar by Natasha (8 damage)
             ... with a magic dart
             ... on level 2 of the Dungeon on Dec 10, 2019.
             The game lasted 00:11:08 (1309 turns).

Esekla the Conjurer (Deep Elf Conjurer)             Turns: 1309, Time: 00:11:09

Health: -2/19      AC:  2    Str:  6    XL:     3   Next: 76%
Magic:  5/10       EV: 13    Int: 19    God:
Gold:   68         SH:  0    Dex: 15    Spells: 6/9 levels left

rFire    . . .     SeeInvis .   o - +2 dagger (drain)
rCold    . . .     Gourm    .   (no shield)
rNeg     . . .     Faith    .   a - +0 robe
rPois    .         Spirit   .   (no helmet)
rElec    .         Reflect  .   (no cloak)
rCorr    .         Harm     .   (no gloves)
MR       .....                  (no boots)
Stlth    ++........             (no amulet)
HPRegen  0.06/turn              (no ring)
MPRegen  0.12/turn              (no ring)

@: no status effects
A: no striking features
a: no special abilities


You were on level 2 of the Dungeon.
You were not hungry.

You visited 1 branch of the dungeon, and saw 2 of its levels.

You collected 68 gold pieces.

Inventory:

Hand Weapons
 o - a +2 dagger of draining (weapon)
Armour
 a - a +0 robe (worn)
Scrolls
 b - a scroll of magic mapping {unknown}
 e - a scroll of remove curse {unknown}
 f - a scroll of blinking {unknown}
 j - a scroll of fear {unknown}
 k - a scroll of identify {unknown}
 l - 3 scrolls of amnesia {unknown}
Potions
 d - a potion of brilliance {unknown}
 g - a potion of cancellation {unknown}
 i - a potion of curing {unknown}
 m - a potion of heal wounds {unknown}
Comestibles
 c - 5 rations
 n - a chunk of flesh


   Skills:
 + Level 2.9 Dodging
 - Level 2.4 Stealth
 * Level 3.7 Spellcasting
 + Level 5.4 Conjurations


You had 6 spell levels left.
You knew the following spells:

 Your Spells              Type           Power        Failure   Level  Hunger
a - Magic Dart            Conj           ###.         1%          1    None
e - Searing Ray           Conj           ###...       2%          2    ##.....

Your spell library contained the following spells:

 Spells                   Type           Power        Failure   Level  Hunger
 Dazzling Flash           Conj/Hex       ##....       14%         3    ###....
 Fulminant Prism          Conj/Hex       ##........   41%         4    ####...
 Iskenderun's Mystic Bla  Conj/Tloc      ##......     41%         4    ####...


Dungeon Overview and Level Annotations

Branches:
Dungeon (2/15)

Altars:

Annotations:
D:2 Natasha


Message History

Natasha casts a spell at you. You resist with some effort.
Casting: Magic Dart (safe; 1% risk of failure)
Confirm with . or Enter, or press ? or * to list all spells.
Aiming: Magic Dart (safe; 1% risk of failure)
Press: ? - help, Shift-Dir - straight line, f/p - Natasha
Aim: Natasha, carrying a wand of polymorph (7) (almost dead, heavily drained)
The magic dart hits Natasha but does no damage.
Natasha is almost dead.
Natasha zaps a wand.
You resist with some effort.
Casting: Magic Dart (safe; 1% risk of failure)
Confirm with . or Enter, or press ? or * to list all spells.
Aiming: Magic Dart (safe; 1% risk of failure)
Press: ? - help, Shift-Dir - straight line, f/p - Natasha
Aim: Natasha, carrying a wand of polymorph (6) (almost dead, heavily drained)
The magic dart hits Natasha but does no damage.
Natasha is almost dead.
Natasha casts a spell at you. The magic dart hits you!
You die...

#....# #....# #....# ###....#
#########################......##
..........................#....##
.....#)................####....##
#.##..###########h#..............
#.###.....#.....@.#...####.....##
...#.............##...###........
#.................###.....##..###
##................# ##..## #.##
#................####...###.#
#...)............##...#.....#
#.................#<####..###
#...................###...#
##........................##


You could see Natasha.

Vanquished Creatures
  Natasha (D:2)
  A dart slug (D:1)
  2 leopard geckos
  2 ball pythons
  4 goblins
  5 hobgoblins
  5 kobolds (D:1)
  2 bats
  3 frilled lizards
  3 rats
28 creatures vanquished.

Notes
Turn   | Place    | Note
-------+----------+-------------------------------------------
     0 | D:1      | Esekla the Deep Elf Conjurer began the quest for the Orb.
     0 | D:1      | Reached XP level 1. HP: 10/10 MP: 6/6
   206 | D:1      | Reached XP level 2. HP: 15/15 MP: 0/8
   377 | D:1      | Learned a level 2 spell: Searing Ray
   545 | D:1      | Reached skill level 5 in Conjurations
   661 | D:1      | Upgraded the game from 0.25-a0-277-g7046ed1b37 to
                  | 0.25-a0-280-gfa4545f159
   785 | D:2      | Reached XP level 3. HP: 19/19 MP: 5/9
   849 | D:2      | Noticed Natasha
  1104 | D:2      | Killed Natasha
  1303 | D:2      | Noticed Natasha
  1309 | D:2      | Killed from afar by Natasha

Levels and vault maps discovered:
D:1:      saegor_arrival_simple_d, layout_basic, minmay_misc_feat_columns,
          minmay_domino_2
D:2:      layout_rooms, uniq_natasha

Skill      XL: |  1  2 |
---------------+-------+-----
Conjurations   | 5 |  5.4
Dodging        | |  2.9
Stealth        | |  2.4
Spellcasting   | |  3.7

Action                   || total
-------------------------++-------
Melee: Unarmed           ||     2
       Short sword       ||     6
       Dagger            ||     2
 Cast: Magic Dart        ||    58
  Eat: Chunk             ||     1
Armor: Robe              ||     7
Dodge: Dodged            ||    15

Table legend:
 A = Non-vault XP
 B = Vault XP
 C = Vault XP percentage of total XP
 D = Non-vault monster count
 E = Vault monster count
 F = Vault count percentage of total count
                 A         B        C        D         E       F
            +---------+---------+-------+---------+---------+-------
      Total |      46 |      38 |  45.2 |      25 |       3 |  10.7
            +---------+---------+-------+---------+---------+-------
        D:1 |      31 |       3 |   8.8 |      16 |       2 |  11.1
        D:2 |      15 |      35 |  70.0 |       9 |       1 |  10.0
            +---------+---------+-------+---------+---------+-------
